AoeStats
← Azatapower

Runestones

507586088Analyzed
1v1 RM · 13d ago on Sep 18, 2026· 40m 40s· 2 players
Game mode
Random Map
Map size
Tiny (2 player)
Population
200
Speed
Normal
Resources
Standard
Victory
Conquest
Starting age
Dark Age
Ending age
Imperial Age
RankedLock teamsTeams togetherTeam positionsShared explorationLock speedFull tech treeHidden civsTurbo modeCheats
Victory
Defeat
🇧🇷 Lithuanians · Brazil
1306
+16
🇲🇽 Malians · Mexico
1310
-16
Azatapower
5:21 Loom
9:36 Feudal Age
9:52 Man-at-Arms
12:32 Horse Collar
14:31 Fletching
22:22 Castle Age
20:08 Town Watch
20:59 Scale Barding Armor
21:04 Double-Bit Axe
21:35 Forging
21:55 Bloodlines
21:56 Stone Mining
21:58 Gold Mining
23:25 Chain Barding Armor
24:22 Light Cavalry
25:07 Husbandry
28:49 Iron Casting
29:32 Heavy Plow
30:36 Wheelbarrow
32:46 Padded Archer Armor
33:32 Bodkin Arrow
34:40 Stone Mining
36:17 Bow Saw
37:25 Ballistics
40:06 Imperial Age
40:20 Thumb Ring
40:54 Herbal Medicine
41:47 Stone Shaft Mining
ricalope27
3:56 Loom
10:54 Feudal Age
12:00 Man-at-Arms
14:11 Double-Bit Axe
15:11 Scale Mail Armor
20:30 Fletching
25:15 Castle Age
25:37 Forging
25:32 Pikeman
26:55 Bow Saw
29:38 Horse Collar
31:45 Bodkin Arrow
33:24 Iron Casting
33:04 Chain Mail Armor
38:17 Heavy Plow
43:45 Imperial Age
Connection lost

Rejoining the realm…

Still unreachable

The connection could not be restored.

Session expired

The server has moved on; the page needs a fresh start.